Unix NetHack Version 5.0.0-0 post-release - last build Jul 19 2026 19:10:59 (3aa4ab31751d3886436d94b585a96704892fd477,branch:main).

Game began 2026-07-22 17:46:27, ended 2026-07-22 18:09:08.

Barrb, neutral female human Barbarian

                                      -----
       ---------------               #.j..|
       |........(....|               #|.)@|
       |.............|               #|*.<@#
      #.......<......|             ##[..).|#
      #|.............|             # #-----#
      #----------.----             #`      ##
      ##         #          -----  #        ##
       ##        #          |...|  #         #
  ----  #      ###         #....|  #         # -----------
  |!!!  #      [           #|....###         # |.........|
  |!!!. #      #           #|...|            # |.........|
  |!!!.|#      %         ###|...|            ##-.........|
  |!!!.-#     -.---     ##  |...|              |.........|
  |!!!.|      |...| #####   -----              -----------
  |!!!.       |..>.##
  -----       |...|
              |...|
              -----

Barrb the Bandit           St:18/01 Dx:16 Co:17 In:8 Wi:8 Ch:7  Neutral
Dlvl:6  $:0  HP:0(55) Pw:9(9) AC:6  Xp:6 T:2817 

Latest messages:
 You have much trouble lifting an Uruk-hai corpse.  Continue? [ynq] (q) y
 You have much trouble lifting z - an Uruk-hai corpse.
 You stagger under your heavy load.  Movement is very hard.
 You hear the chime of a cash register.
 There is an altar to Crom (neutral) here.
 You see here a mummy wrapping.
 What do you want to sacrifice? [z or ?*] z
 Your sacrifice is consumed in a plume of smoke!
 You have a hopeful feeling.
 Your movements are now unencumbered.
 In what direction? 4
 You aren't wielding a bow, so you throw your arrow by hand.
 You kill the acid blob!
 The grid bug bites!
 You get zapped!
 The grid bug bites!
 You get zapped!
 You kill the grid bug!
 The kobold puts on a mummy wrapping.
 You kill the kobold!
 A - an oval amulet.
 You stop searching.
 The leprechaun hits!
 You smite the leprechaun!
 The leprechaun hits!
 You smite the leprechaun!
 The leprechaun drinks a potion of healing!
 The leprechaun looks better.
 You smite the leprechaun!
 The leprechaun hits!
 You smite the leprechaun!
 The leprechaun hits!
 You kill the leprechaun!
 You see here 28 rocks.
 There is an altar to Crom (neutral) here.
 You see here a mummy wrapping.
 You stop searching.
 You smite the giant beetle!
 The giant beetle bites!
 You kill the giant beetle!
 You smite the werewolf!
 The werewolf hits!
 You smite the werewolf!
 The werewolf hits!
 Are you sure you want to pray? [yn] (n) y
 You begin praying to Crom.
 The werewolf hits!
 The werewolf hits!
 You die...
 Do you want your possessions identified? [ynq] (y) q

Inventory:
 Amulets  ('"')
  A - a cursed amulet of restful sleep
 Weapons  (')')
  f - 9 +0 arrows (in quiver)
  r - 4 +0 darts
  a - a +0 battle-axe (weapon in hands)
  b - a +0 short sword (alternate weapon; not wielded)
 Armor    ('[')
  u - an uncursed +0 orcish helm (being worn)
  v - an uncursed +0 dwarvish cloak
  c - an uncursed +0 ring mail (being worn)
 Comestibles  ('%')
  d - 3 uncursed food rations
 Scrolls  ('?')
  t - an uncursed scroll of amnesia
  l - an uncursed scroll of identify
  e - a cursed scroll of identify
  j - a blessed scroll of light
  m - an uncursed scroll of magic mapping
  q - a blessed scroll of remove curse
  o - an uncursed scroll of teleportation
 Tools    ('(')
  w - a +0 pick-axe

Barrb the Barbarian's attributes:

Background:
 You were a Bandit, a level 6 female human Barbarian.
 You were neutral, on a mission for Crom
 who was opposed by Mitra (lawful) and Set (chaotic).
 You were right-handed.
 You were in the Dungeons of Doom, on level 6.
 You entered the dungeon 2817 turns ago.
 You had 475 experience points, 165 more were needed to attain level 7.

Basics:
 You had 0 out of 55 hit points.
 You had all 9 energy points (spell power).
 Your armor class was 6.
 Your wallet was empty.
 Autopickup was off.

Final Characteristics:
 Your strength was 18/01 (limit:18/100).
 Your dexterity was 16 (peak:17, limit:18).
 Your constitution was 17 (limit:18).
 Your intelligence was 8 (limit:18).
 Your wisdom was 8 (limit:18).
 Your charisma was 7 (limit:18).

Final Status:
 You weren't hungry.
 You were unencumbered.
 You were wielding an axe.
 You had basic skill with axe and could have enhanced that.

Final Attributes:
 You were devoutly aligned.
 You were poison resistant.
 You were warded.
 You are dead.

Miscellaneous:
 You didn't encounter any bones levels.
 Total elapsed playing time was 22 minutes and 40 seconds.

Major events:
 Turn
    1: Barrb the neutral female human Barbarian entered the dungeon
  748: attained the rank of Pillager (level 3)
 1531: entered the Gnomish Mines
 2682: attained the rank of Bandit (level 6)
 2817: killed by a werewolf, while praying

You didn't know any spells.

Skills:
 Fighting Skills
   bare handed combat [Basic]
   two weapon combat  [Unskilled]
   riding             [Unskilled]
 Weapon Skills
   dagger             [Unskilled]
   axe                [Basic]
   pick-axe           [Unskilled]
   short sword        [Basic]
   broadsword         [Unskilled]
   long sword         [Unskilled]
   two-handed sword   [Unskilled]
   saber              [Unskilled]
   club               [Unskilled]
   mace               [Unskilled]
   morning star       [Unskilled]
   flail              [Unskilled]
   hammer             [Unskilled]
   quarterstaff       [Unskilled]
   spear              [Unskilled]
   trident            [Unskilled]
   bow                [Unskilled]
 Spellcasting Skills
   attack spells      [Unskilled]
   escape spells      [Unskilled]

Voluntary challenges:
 Character rerolling was not enabled.
 You never genocided any monsters.
 You never polymorphed an object.
 You never changed form.
 You used no wishes.
Achievements:
 You attained the rank of Pillager.
 You entered the Gnomish Mines.
 You entered a shop.
 You attained the rank of Bandit.

 The Dungeons of Doom: levels 1 to 6
    Level 1:
       A fountain.
    Level 2:
       A fountain.
    Level 3:
       A fountain.
    Level 4:
       Stairs down to The Gnomish Mines.
    Level 5:
       Many fountains.
    Level 6: <- You were here.
       A potion shop, an altar to Crom.
       Final resting place for
          you, killed by a werewolf, while praying.
 The Gnomish Mines:
    Level 5:


Vanquished creatures:
  a giant beetle
  a leprechaun
  a dust vortex
  a bugbear
  2 Uruk-hai
  a rock piercer
  2 rock moles
  a fog cloud
  2 gnome leaders
  a kobold mummy
  2 gray oozes
 an elf zombie
  4 giant ants
  a little dog
  a kitten
  2 dwarves
  a homunculus
  a kobold leader
  a kobold shaman
  4 iguanas
 an acid blob
  2 coyotes
  a manes
  a brown mold
  a yellow mold
  a green mold
  a red mold
  a gnome
  a garter snake
  4 geckos
  5 jackals
  3 foxes
  3 kobolds
  a goblin
  6 grid bugs
  2 lichens
  2 kobold zombies
  4 newts
71 creatures vanquished.

No species were genocided or became extinct.

Game over:
                       ----------
                      /          \
                     /    REST    \
                    /      IN      \
                   /     PEACE      \
                  /                  \
                  |      Barrb       |
                  |       0 Au       |
                  |   killed by a    |
                  |     werewolf     |
                  |                  |
                  |                  |
                  |       2026       |
                 *|     *  *  *      | *
        _________)/\\_//(\/(/\)/\//\/|_)_______

Goodbye Barrb the Barbarian...

You died in The Dungeons of Doom on dungeon level 6 with 2180 points,
and 0 pieces of gold, after 2817 moves.
You were level 6 with a maximum of 55 hit points when you died.

